 Dungeon Crawl Stone Soup version 0.28-a0-883-gc8d7bad45d (webtiles) character file.

Game seed: 4408184703926866953

81 Anon1729 the Insei (level 4, 0/28 HPs)
             Began as an Octopode Transmuter on Nov 21, 2021.
             Succumbed to Crazy Yiuf's poison
             ... on level 2 of the Dungeon.
             The game lasted 00:02:46 (2838 turns).

Anon1729 the Insei (Octopode Transmuter)            Turns: 2838, Time: 00:02:46

Health: 0/28       AC:  2    Str: 15    XL:     4   Next: 40%
Magic:  5/7        EV: 20    Int: 16    God:
Gold:   111        SH:  0    Dex: 23    Spells: 1/7 levels left

rFire   . . .      SeeInvis .     - Unarmed
rCold   . . .      Faith    .   (shield currently unavailable)
rNeg    . . .      Spirit   .   (helmet currently unavailable)
rPois   x          Reflect  .   (no amulet)
rElec   .          Harm     .   e - +6 ring of strength
rCorr   .          Rampage  .   d - +6 ring of dexterity
Will    .....                   (no ring)
Stlth   ++........              (no ring)
HPRegen 0.09/turn               (no ring)
MPRegen 0.10/turn               (no ring)
                                (no ring)
                                (no ring)

@: lethally poisoned (0 -> -5), spider-form (expiring), flying
A: venomous fangs, almost no armour, (amphibious), 8 rings, tiny, (camouflage
1), (gelatinous body 1), (nimble swimmer 1), (tentacles)
a: End Transformation


You were on level 2 of the Dungeon.
You were a venomous arachnid creature.
You visited 1 branch of the dungeon, and saw 2 of its levels.

You collected 111 gold pieces.

Inventory:

Jewellery
 d - a +6 ring of dexterity (right front leg)
 e - a +6 ring of strength (left front leg)
Scrolls
 a - a scroll of fog {unknown}
 b - 2 scrolls of fear {unknown}
 c - a scroll of teleportation {unknown}
 f - a scroll of identify {unknown}
 g - a scroll of enchant weapon {unknown}


   Skills:
 + Level 1.6 Fighting
 + Level 2.5 Dodging
 + Level 1.0 Stealth
 * Level 3.6 Unarmed Combat
 + Level 2.3 Spellcasting
 * Level 2.8 Transmutations


You had one spell level left.
You knew the following spells:

 Your Spells              Type           Power      Damage    Failure   Level
a - Beastly Appendage     Tmut           20%        N/A       17%         1
b - Wereblood             Tmut           10%        N/A       24%         2
c - Spider Form           Tmut/Pois      6%         N/A       54%         3

Your spell library contained the following spells:

 Spells                   Type           Power      Damage    Failure   Level
 Ice Form                 Ice/Tmut       6%         N/A       88%         4


Dungeon Overview and Level Annotations

Branches:
Dungeon (2/15)

Altars:

Shops:
D:2 (

Annotations:
D:2 Crazy Yiuf


Innate Abilities, Weirdness & Mutations

You are a venomous arachnid creature.
You have poisonous fangs.
You are tiny and dextrous.
Your spellcasting is less reliable in this form.
Your armour is entirely melded.
You are incapable of wielding weapons or throwing items.
You cannot wear most types of armour.
((You are amphibious.))
You can wear up to eight rings at the same time.
((Your skin changes colour to match your surroundings (Stealth+).))
((Your rubbery body absorbs attacks. (AC +1, EV +1)))
((You are camouflaged near water. (Stealth+)))
((You have tentacles for arms and can constrict up to eight enemies at once.))


Message History

There is an open door here.
You see here a +0 spear.
Casting: Beastly Appendage (safe; 6% risk of failure)
Confirm with . or Enter, or press ? or * to list all spells.
The spell is extremely dangerous to cast (32% risk of failure)!
Continue anyway?
You turn into a venomous arachnid creature.
You open the door.
There is an open translucent door here.
Crazy Yiuf shouts!
Crazy Yiuf whimpers, "Walk eyeball sallow!"
You hit Crazy Yiuf.
Crazy Yiuf is poisoned.
Crazy Yiuf is moderately wounded.
Crazy Yiuf hits you with a +3 quarterstaff of chaos!
You are lethally poisoned!
Okay, then.
You feel very sick.
There is an open translucent door here.
You feel very sick.
Your transformation is almost over.
* * * LOW HITPOINT WARNING * * *
You feel very sick.
It was a potion of flight.
You feel very buoyant.
You fly up into the air.
* * * LOW HITPOINT WARNING * * *
You feel very sick.
You aren't carrying any items that you can evoke.
Unknown command.
* * * LOW HITPOINT WARNING * * *
You feel sick.
Crazy Yiuf says, "Papa return to song sow!"
* * * LOW HITPOINT WARNING * * *
You feel sick.
You hit Crazy Yiuf but do no damage.
Crazy Yiuf is heavily wounded.
* * * LOW HITPOINT WARNING * * *
You feel sick. Crazy Yiuf closely misses you.
You hit Crazy Yiuf but do no damage.
Crazy Yiuf is heavily wounded.
You die...

#.# ##### #.# #)..# #### #.#
#...# #... #######.## #...# #####
#.## .........# ##'## #...#
####.# ###.#.<..# ♣.♣♣ ###.#
##....# #.#....# ♣♣.♣
#.###†###.## # #.#.#.## ♣g♣♣
#.##.## ##.. # #.#...# ♣♣s♣
#.##.# #.# # #.###.# ♣♣.♣♣
###.##.## ##.# # #.###'## ♣♣...♣
#...###.###.## # #.##...# ♣....♣
#.### #....### # #......# #.)..#
#.# #.....[. #
##.....####....###.# ###.##.#
###...(.....#......#.#######.#...
..'.........)....................
###.........####...#.#######)#...


You could see Crazy Yiuf (very poisoned).

Vanquished Creatures
  4 gnolls (D:2)
  An ufetubus (D:2)
  A dart slug (D:2)
  4 endoplasms
  2 giant cockroaches
  3 goblins (D:2)
  3 hobgoblins (D:2)
  2 quokkas (D:2)
  4 ball pythons
  4 bats
  4 frilled lizards (D:1)
  3 kobolds (D:2)
  2 rats
37 creatures vanquished.

Notes
Turn   | Place    | Note
-------+----------+-------------------------------------------
     0 | D:1      | Anon1729 the Octopode Transmuter began the quest for the
                  | Orb.
     0 | D:1      | Reached XP level 1. HP: 13/13 MP: 3/3
   349 | D:1      | Reached XP level 2. HP: 15/18 MP: 5/5
  1313 | D:2      | Reached XP level 3. HP: 22/23 MP: 6/6
  1875 | D:2      | Learned a level 2 spell: Wereblood
  1879 | D:2      | Learned a level 3 spell: Spider Form
  1991 | D:2      | Found Gisch's Antique Weapon Boutique.
  2060 | D:2      | Reached XP level 4. HP: 16/28 MP: 5/7
  2252 | D:2      | Reached skill level 1 in Stealth
  2570 | D:2      | Found a runed translucent door.
  2571 | D:2      | Noticed Crazy Yiuf
  2836 | D:2      | HP: 1/28 [poisoned by Crazy Yiuf]
  2838 | D:2      | Succumbed to Crazy Yiuf's poison

Illustrated notes

Levels and vault maps discovered:
D:1:      heliophobic_arrival_glass_houses, layout_rooms
D:2:      layout_loops_corners, serial_shops, nicolae_shop_crystal,
          uniq_crazy_yiuf_cottage

Skill      XL: |  1  2  3  4 |
---------------+-------------+-----
Stealth        | 1 |  1.0
Fighting       | |  1.6
Dodging        | |  2.5
Unarmed Combat | |  3.6
Spellcasting   | |  2.3
Transmutations | |  2.8

Action                   |  1- 3 |  4- 6 || total
-------------------------+-------+-------++-------
Melee: Unarmed           |    75 |    11 ||    86
       Constrict         |    20 |     2 ||    22
       Tentacles         |    17 |     5 ||    22
       Kick              |     6 |       ||     6
 Cast: Beastly Appendage |     3 |       ||     3
       Spider Form       |     1 |     1 ||     2
  Use: Potion            |       |     1 ||     1
 Stab: Sleeping          |    10 |       ||    10
Armor: Skin              |     2 |       ||     2
Dodge: Dodged            |    48 |     8 ||    56

Table legend: (Time is in decaauts)
 A = Elapsed time spent in this place.
 B = Non-inter-level travel time spent in this place.
 C = Inter-level travel time spent in this place.
 D = Time resting spent in this place.
 E = Time spent auto-exploring this place.
 F = Levels seen in this place.
 G = Mean time per level.
                   A        B        C        D        E       F      G
               +--------+--------+--------+--------+--------+-----+--------+
         Total |   2833 |   2778 |     55 |    477 |   1985 |   2 | 1416.5 |
       Dungeon |   2833 |   2778 |     55 |    477 |   1985 |   2 | 1416.5 |
               +--------+--------+--------+--------+--------+-----+--------+

Top non-repeatable levels by time:
     D:2: 1639 daAuts
     D:1: 1193 daAuts
